 Dungeon Crawl Stone Soup version 0.30.1-4-g462c640d31 (webtiles) character file.

Game seed: 5492462712001687346

5953 booth the Cleaver (level 10, -1/69 HPs)
             Began as a Demonspawn Gladiator on Aug 20, 2023.
             Was an Elder of Hepliaklqana.
             Slain by a starcursed mass (2 damage)
             ... on level 2 of the Abyss.
             The game lasted 00:49:44 (7521 turns).

booth the Cleaver (Demonspawn Gladiator)            Turns: 7521, Time: 00:49:45

Health: -1/69      AC: 12    Str: 19    XL:     10   Next: 54%
Magic:  18/18      EV: 14    Int: 13    God:    Hepliaklqana [****..]
Gold:   381        SH:  0    Dex: 14    Spells: 20/20 levels left

rFire   + + .        a - +0 war axe (protect)
rCold   + . .        (no shield)
rNeg    + + +        r - +3 leather armour "Zubbuumn" {Contam Rampage rN+ Int+3}
rPois   .            e - +2 helmet
rElec   .            F - scarf {rC+ rF+}
rCorr   .            (no gloves)
SInv    .            q - +0 pair of boots "Onudd" {rN++}
Will    +....        (no amulet)
Stlth   +            o - ring of willpower
HPRegen 0.31/turn    l - ring of positive energy
MPRegen 0.16/turn

%: rampage
@: no status effects
A: reduced essence, hooves 1, yellow scales 1, ignite blood 1, powered by death
2, fire resistance 1, no potion heal 1
a: Renounce Religion, Recall Ancestor, Ancestor Identity, Transference, Idealise


You were on level 2 of the Abyss.
You worshipped Hepliaklqana.
Hepliaklqana was greatly pleased with you.
You visited 2 branches of the dungeon, and saw 9 of its levels.
You visited the Abyss 1 time.
You also visited: Sewer.

You collected 381 gold pieces.

Inventory:

Hand Weapons
 a - a +0 war axe of protection (weapon)
 C - a +0 battleaxe
Missiles
 d - 6 throwing nets (quivered)
 u - 54 poisoned darts
 A - 3 boomerangs
 G - a boomerang of dispersal
Armour
 e - a +2 helmet (worn)
 j - a +0 ring mail
 q - the +0 pair of boots "Onudd" (worn) {rN++}
   (You found it on level 2 of the Dungeon)

   rN:        It greatly protects you from negative energy.
 r - the +3 leather armour "Zubbuumn" (worn) {Contam Rampage rN+ Int+3}
   (You found it on level 4 of the Dungeon)

   Int:       It affects your intelligence (+3).
   rN:        It protects you from negative energy.
   Contam:    It causes magical contamination when unequipped.
   Rampage:   It bestows one free step when moving towards enemies.
 F - a scarf of resistance (worn)
Jewellery
 l - a ring of positive energy (right hand)
 o - a ring of willpower (left hand)
Wands
 b - a wand of iceblast (9)
 i - a wand of paralysis (12)
 B - a wand of quicksilver (7)
 D - a wand of mindburst (16)
Scrolls
 c - 2 scrolls of vulnerability
 f - 3 scrolls of teleportation
 k - a scroll of amnesia
 t - a scroll of brand weapon
 y - 2 scrolls of fear
 z - a scroll of butterflies
Potions
 g - 4 potions of curing
 h - 3 potions of lignification
 m - 2 potions of magic
 n - 3 potions of flight
 p - 2 potions of heal wounds
 s - 2 potions of brilliance
 v - a potion of ambrosia
 w - a potion of resistance
 E - a potion of might


   Skills:
 + Level 6.9 Fighting
 * Level 9.1 Axes
 + Level 6.1 Throwing
 + Level 6.5 Dodging
 + Level 5.6 Spellcasting


You had 20 spell levels left.
You didn't know any spells.
Your spell library contained the following spells:

 Spells                   Type           Power      Damage    Failure   Level
 Sandblast                Erth           6%         2d5       22%         1
 Passwall                 Tmut/Erth      2%         N/A       32%         2
 Stone Arrow              Conj/Erth      6%         3d7       54%         3


Dungeon Overview and Level Annotations

Branches:
Dungeon (8/15)             Temple (1/1) D:5            Lair (0/5) D:8
  Sewer (visited)

Altars:
Ashenzari
Cheibriados
Dithmenos
Fedhas
Hepliaklqana
Kikubaaqudgha
Nemelex Xobeh
Qazlal
Ru
Sif Muna
Trog
Uskayaw
Vehumet
Xom
Yredelemnul

Shops:
D:1 :

Annotations:
D:8 Psyche


Innate Abilities, Weirdness & Mutations

Your life essence is reduced to manifest your ancestor. (-10% HP)
You have large cloven feet.
You are partially covered in yellow scales. (AC +2)
Your demonic aura sometimes causes spilled blood to erupt in flames.
You regenerate health from kills.
Your flesh is heat resistant. (rF+)
Potions are less effective at restoring your health.


Message History

The worldbinder hits you.
Centenhua has departed this plane of existence.
A starcursed mass splits. x2
You hit the worldbinder but do no damage.
You hit the starcursed mass.
The starcursed mass shudders and is absorbed by its neighbour.
The worldbinder hits you but does no damage.
The worldbinder completely misses you.
The worldbinder calls forth creatures from the Crypt!
A deafening chorus of shrieks assaults your mind!
* * * LOW HITPOINT WARNING * * *
Your system partially rejects the healing.
You feel much better. The worldbinder closely misses you.
The worldbinder completely misses you.
A deafening chorus of shrieks assaults your mind!
* * * LOW HITPOINT WARNING * * *
The necromancer points at you and mumbles some strange words.
The bolt of negative energy hits the starcursed mass.
The starcursed mass completely resists.
The bolt of negative energy hits the worldbinder.
The worldbinder completely resists.
The bolt of negative energy misses you.
Blink to where?
Press: ? - help, Dir - move target A reaper comes into view.
It is wielding a +6 vampiric scythe.
As you read the scroll of blinking, it crumbles to dust.
The starcursed mass touches you!
* * * LOW HITPOINT WARNING * * *
Your system partially rejects the healing.
You feel much better.
A starcursed mass splits.
The starcursed mass touches you but does no damage.
A deafening chorus of shrieks assaults your mind!
* * * LOW HITPOINT WARNING * * *
The starcursed mass attacks as you move away!
The starcursed mass barely misses you.
The starcursed mass touches you but does no damage.
A chorus of shrieks assaults your mind.
* * * LOW HITPOINT WARNING * * *
The starcursed mass attacks as you move away!
The starcursed mass touches you.
You die...

.......# ..#. ..
## ##... . ## ..#
#.# . .## #.☼
#.##. .. ..## # .
# .###..#..###°.#
####X2.# .
......# .
#...#X#.#.......
##.#
#...@X#..###..# #
#.# #..##.X.#.
#..#.... #. #.
.#.#x#.R.#.......
.. §#.X###....
..## ##. #z
..##.. ##.## ##
##.###.. . ..#
#p## # # .#. # ##
# >. ..


You could see 4 starcursed masses, a reaper, a skeletal warrior (summoned) and a
worldbinder.

Vanquished Creatures
  Sigmund (D:2)
  A ynoxinul (Abyss:2)
  2 wyverns
  2 yaks (D:8)
  Menkaure (D:7)
  2 basilisks (D:8)
  3 water moccasins (D:8)
  3 black bears
  2 orc warriors
  A sky beast (Abyss:2)
  An ogre (D:6)
  2 centaurs
  A small abomination (Abyss:2)
  4 kobold brigands
  Blork the orc (D:6)
  A scorpion (D:6)
  3 wights (D:8)
  Dowan (D:6)
  2 gnoll boudas
  A jelly (D:6)
  A hound (D:4)
  5 orc priests
  A sleepcap (D:5)
  4 orc wizards
  3 iguanas
  Robin (D:3)
  5 adders
  3 gnolls
  A white imp (D:6)
  A worm (Sewer)
  A dart slug (D:1)
  17 orcs
  8 ball pythons
  5 endoplasms
  4 giant cockroaches
  11 goblins
  11 hobgoblins
  2 bats
  3 frilled lizards
  18 kobolds
  9 rats
149 creatures vanquished.

Vanquished Creatures (collateral kills)
  A smoke demon (Abyss:2)
  A wyvern (D:8)
  2 yaks (D:8)
  A chaos spawn (Abyss:2)
  A water moccasin (D:6)
  Duvessa (D:6)
  A black bear (D:5)
  An ogre (D:5)
  3 kobold brigands (Sewer)
  A bullfrog (D:8)
  2 scorpions
  A wight (D:8)
  4 killer bees (D:8)
  2 howler monkeys
  A hound (D:7)
  3 iguanas
  8 adders
  6 gnolls
  A shadow imp (D:6)
  A white imp (D:8)
  2 ufetubi (D:4)
  A worm (D:4)
  6 orcs
  3 endoplasms
  3 goblins
  A hobgoblin (D:3)
  2 quokkas
  A ball python (D:3)
  7 kobolds
  2 rats (D:3)
70 creatures vanquished.

Vanquished Creatures (others)
  3 hexers
3 creatures vanquished.

Grand Total: 222 creatures vanquished

Notes
Turn   | Place    | Note
-------+----------+-------------------------------------------
     0 | D:1      | booth the Demonspawn Gladiator began the quest for the Orb.
     0 | D:1      | Reached XP level 1. HP: 16/16 MP: 1/1
   205 | D:1      | Found Vofoemp's Book Boutique.
   381 | D:1      | Gained mutation: Your demonic aura sometimes causes spilled
                  | blood to erupt in flames. [demonic ancestry]
   381 | D:1      | Reached XP level 2. HP: 22/22 MP: 2/2
   792 | D:2      | Reached skill level 3 in Axes
   858 | D:2      | Gained mutation: You regenerate a little health from kills.
                  | [demonic ancestry]
   858 | D:2      | Reached XP level 3. HP: 15/28 MP: 3/3
  1195 | D:2      | Found a faded altar of an unknown god.
  1287 | D:2      | Identified the +0 pair of boots "Onudd" {rN++}
  1421 | D:2      | Gained mutation: You have large cloven feet. [demonic
                  | ancestry]
  1421 | D:2      | Reached XP level 4. HP: 34/34 MP: 5/5
  1490 | D:2      | Noticed Sigmund
  1508 | D:2      | Killed Sigmund
  1509 | D:2      | Reached skill level 4 in Axes
  1509 | D:2      | Reached skill level 1 in Spellcasting
  1509 | D:2      | Gained mutation: You are partially covered in yellow
                  | scales. (AC +2) [demonic ancestry]
  1509 | D:2      | Reached XP level 5. HP: 13/41 MP: 5/7
  1646 | D:2      | Prayed at the altar of an unknown god.
  1646 | D:2      | Became a worshipper of Hepliaklqana the Forgotten
  1646 | D:2      | Reached * piety under Hepliaklqana
  1877 | D:3      | Noticed a black bear
  1884 | D:3      | Killed a black bear
  1885 | D:3      | Reached XP level 6. HP: 31/42 MP: 8/8
  1957 | D:3      | Noticed Robin
  1969 | D:3      | Killed Robin
  2165 | D:3      | Found a broken altar of Ashenzari.
  2705 | D:4      | Found a stormy altar of Qazlal.
  2727 | D:4      | Reached ** piety under Hepliaklqana
  2728 | D:4      | Remembered your ancestor Centenhua as a hexer
  2959 | D:4      | Identified the +3 leather armour "Zubbuumn" {Contam Rampage
                  | rN+ Int+3}
  3095 | D:4      | Reached XP level 7. HP: 46/46 MP: 10/10
  3290 | D:5      | Entered Level 5 of the Dungeon
  3338 | D:5      | Reached skill level 5 in Axes
  3436 | D:5      | Found a staircase to the Ecumenical Temple.
  3496 | Temple   | Entered the Ecumenical Temple
  3838 | D:5      | Gained mutation: You regenerate health from kills. [demonic
                  | ancestry]
  3838 | D:5      | Reached XP level 8. HP: 34/54 MP: 12/12
  4036 | D:5      | Found a glowing drain.
  4041 | Sewer    | Entered a sewer
  4303 | Sewer    | Reached skill level 6 in Axes
  4752 | D:5      | Gained mutation: You have a pair of small horns on your
                  | head. [potion of mutation]
  4752 | D:5      | Gained mutation: You occasionally lose the ability to read
                  | scrolls when taking damage. [potion of mutation]
  4753 | D:5      | Lost mutation: You occasionally lose the ability to read
                  | scrolls when taking damage. [potion of mutation]
  4753 | D:5      | Lost mutation: You have a pair of small horns on your head.
                  | [potion of mutation]
  4753 | D:5      | Gained mutation: Potions are less effective at restoring
                  | your health. [potion of mutation]
  4753 | D:5      | Gained mutation: Your flesh is heat resistant. (rF+)
                  | [potion of mutation]
  5157 | D:6      | Noticed Duvessa
  5157 | D:6      | Noticed Dowan
  5158 | D:6      | Reached *** piety under Hepliaklqana
  5164 | D:6      | Reached skill level 5 in Fighting
  5167 | D:6      | Killed Duvessa
  5168 | D:6      | Reached skill level 5 in Dodging
  5171 | D:6      | Killed Dowan
  5254 | D:6      | Reached XP level 9. HP: 52/61 MP: 13/15
  5413 | D:6      | Reached skill level 7 in Axes
  5522 | D:6      | Noticed Blork the orc
  5527 | D:6      | Killed Blork the orc
  5788 | D:7      | Reached skill level 5 in Throwing
  5844 | D:7      | Noticed Menkaure
  5856 | D:7      | Killed Menkaure
  6325 | D:7      | Reached **** piety under Hepliaklqana
  6452 | D:7      | Found a sparkling altar of Nemelex Xobeh.
  6800 | D:8      | Reached skill level 8 in Axes
  6880 | D:8      | Reached skill level 5 in Spellcasting
  6888 | D:8      | Reached XP level 10. HP: 68/68 MP: 17/17
  6951 | D:8      | Found a staircase to the Lair.
  7039 | D:8      | Found a sacrificial altar of Ru.
  7045 | D:8      | Found a bloodstained altar of Trog.
  7376 | D:8      | Noticed Psyche
  7384 | Abyss:2  | Cast into level 2 of the Abyss (Psyche)
  7471 | Abyss:2  | Noticed a smoke demon
  7482 | Abyss:2  | Noticed a starcursed mass
  7482 | Abyss:2  | Killed a smoke demon
  7483 | Abyss:2  | Reached skill level 9 in Axes
  7506 | Abyss:2  | Noticed a starcursed mass
  7511 | Abyss:2  | Noticed a worldbinder
  7517 | Abyss:2  | Noticed a necromancer
  7517 | Abyss:2  | Noticed a skeletal warrior
  7518 | Abyss:2  | Noticed a reaper
  7520 | Abyss:2  | HP: 1/69 [starcursed mass/accursed screaming (7)]
  7521 | Abyss:2  | Slain by a starcursed mass

Illustrated notes

Levels and vault maps discovered:
D:1:      scummos_arrival_forest, layout_loops_cross, serial_shops,
          nicolae_shop_competitors_out_of_business, serial_glass,
          glass_columns_a, glass_columns_a, glass_columns_b, glass_columns_b,
          glass_columns_b, minmay_cut_off
D:2:      layout_loops_ring, dreamdust_ecumenical_altar_grove,
          hangedman_decor_lopped, uniq_sigmund
D:3:      layout_loops_cross, lemuel_doored_altar, uniq_robin
D:4:      layout_rooms, mainiacjoe_overflow_paths, kennysheep_generic_room_13
D:5:      layout_basic, minmay_temple_entry_slanted, serial_rivers,
          chequers_serial_rivers_micro_b, chequers_serial_rivers_small_b,
          chequers_serial_rivers_small_a, chequers_serial_rivers_micro_a,
          chequers_serial_rivers_micro_d, chequers_serial_rivers_small_3,
          portal_sewer_entry_e
D:6:      layout_gridville, uniq_duvessa, uniq_blork_the_orc
D:7:      layout_loops_corners, nemelex_spade_bored_becter,
          minmay_misc_feat_square, uniq_menkaure
D:8:      layout_rooms, mainiacjoe_overflow_catwalk_spiral, elyvilon_altar_5,
          minmay_lair_entry_grove, uniq_psyche
Temple:   nicolae_temple_bog_church
Abyss:2:  base: D:1, hangedman_abyss_batty_box, minivault_28,
          hangedman_abyss_or_decor_jellyfish_corner

Skill      XL: |  1  2  3  4  5  6  7  8  9 10 |
---------------+-------------------------------+-----
Throwing       | 2 3 4 5 6 |  6.1
Axes           | 3 4 5 6 8 9 |  9.1
Dodging        | 3 4 5 6 |  6.5
Fighting       | 3 4 5 6 |  6.9
Spellcasting   | 1 2 3 4 5 |  5.6

Action                     |  1- 3 |  4- 6 |  7- 9 | 10-12 || total
---------------------------+-------+-------+-------+-------++-------
  Melee: War axe           |   133 |    69 |   266 |    98 ||   566
         Punch             |       |       |     8 |     1 ||     9
  Throw: Javelin           |       |     1 |     1 |       ||     2
         Dart              |       |       |     1 |       ||     1
         Boomerang         |       |       |     1 |       ||     1
 Invoke: Recall Ancestor   |       |     1 |       |     2 ||     3
         Ancestor Identity |       |     1 |       |       ||     1
         Ancestor Life: He |       |     1 |       |       ||     1
  Evoke: Wand              |       |     1 |       |       ||     1
    Use: Scroll            |     2 |     5 |     8 |     1 ||    16
         Potion            |     1 |     4 |     4 |     3 ||    12
   Stab: Confused          |       |     1 |    13 |     1 ||    15
         Paralysed         |       |     1 |       |       ||     1
         Sleeping          |       |     1 |       |       ||     1
         Distracted        |       |       |     3 |       ||     3
 Armour: Leather armour    |    46 |    32 |    69 |    54 ||   201
         Skin              |       |     1 |       |       ||     1
  Dodge: Dodged            |    91 |    52 |   161 |    89 ||   393
